[Event "TBMM Kupasi Prel 2022"]
[Site "Ankara"]
[Date "2022.03.17"]
[Round "1"]
[White "Can, Isik"]
[Black "Gurel, Ediz"]
[Result "0-1"]
[ECO "B47"]
[WhiteElo "2426"]
[BlackElo "2380"]
[Annotator "ChessBase"]
[PlyCount "66"]
[EventDate "2022.03.17"]
[EventType "tourn"]
[EventCountry "TUR"]
[SourceTitle "playchess.com"]
[Source "ChessBase"]
[SourceQuality "1"]
[TimeControl "3600+30"]

1. e4 c5 2. Nf3 e6 3. d4 cxd4 4. Nxd4 Nc6 5. Nc3 Qc7 6. f4 a6 7. Nxc6 Qxc6 8. Bd3 b5 9. Qe2 Bb7 10. Bd2 Rc8 11. a3 h5 12. O-O-O b4 13. axb4 Bxb4 14. Rhf1 Nf6 15. e5 Bxc3 16. Bxc3 Nd5 17. Bd2 Qa4 18. Kb1 Bc6 19. f5 Rb8 20. Bc4 Bb5 21. Bxb5 axb5 22. b3 Qa3 23. Qf3 O-O 24. Bc1 Qc5 25. Bb2 Ne3 26. Qf2 Rbc8 27. Ba3 Qxa3 28. Qxe3 Rc7 29. Qc1 Qc5 30. Qb2 Ra8 31. f6 Rca7 32. fxg7 b4 33. Kc1 Qc3 0-1

[Event "TBMM Kupasi Prel 2022"]
[Site "Ankara"]
[Date "2022.03.17"]
[Round "1"]
[White "Caglar, Sila"]
[Black "Haznedaroglu, Kivanc"]
[Result "1/2-1/2"]
[ECO "B03"]
[WhiteElo "2200"]
[BlackElo "2442"]
[Annotator "ChessBase"]
[PlyCount "190"]
[EventDate "2022.03.17"]
[EventType "tourn"]
[EventCountry "TUR"]
[SourceTitle "playchess.com"]
[Source "ChessBase"]
[SourceQuality "1"]
[TimeControl "3600+30"]

1. e4 Nf6 2. e5 Nd5 3. d4 d6 4. c4 Nb6 5. exd6 exd6 6. Nc3 Be7 7. Bd3 O-O 8. h3 Bf6 9. Nge2 c6 10. O-O Na6 11. a3 Nc7 12. Be3 Re8 13. b3 d5 14. c5 Nd7 15. Qd2 Ne6 16. b4 Ndf8 17. b5 g6 18. Na2 Ng7 19. Nb4 Qd7 20. a4 Nfe6 21. Ra3 Nc7 22. Nc3 Nge6 23. b6 axb6 24. cxb6 Be7 25. Rb3 Bxb4 26. Rxb4 Na6 27. Rb2 Qe7 28. Ne2 Bd7 29. a5 Rec8 30. Rc1 Ng7 31. Nf4 Bf5 32. Bf1 Qd6 33. f3 h5 34. g4 Bd7 35. Nd3 hxg4 36. hxg4 Qg3+ 37. Qg2 Qxg2+ 38. Kxg2 Ne6 39. Ne5 Be8 40. f4 f6 41. Nf3 Bd7 42. Bd3 Kf7 43. g5 Nf8 44. gxf6 Bf5 45. Ne5+ Kxf6 46. Bxf5 Kxf5 47. Kf3 Nb8 48. Rg2 Nbd7 49. Rg5+ Kf6 50. Rcg1 Re8 51. Nxd7+ Nxd7 52. Rxg6+ Ke7 53. Bf2 Nf8 54. Bh4+ Kd7 55. Rg7+ Kd6 56. f5 c5 57. Bg3+ Kc6 58. Rc7+ Kb5 59. Rxc5+ Ka6 60. Rxd5 Rac8 61. Bc7 Nh7 62. Rg6 Rf8 63. Kf4 Rf7 64. Re5 Nf8 65. Rh6 Nd7 66. d5 Nxe5 67. Kxe5 Rcf8 68. f6 Re8+ 69. Kf5 Kxa5 70. Rg6 Re2 71. d6 Kb5 72. Rg5 Kc6 73. Kg6 Rd7 74. Rf5 Rg2+ 75. Rg5 Rf2 76. Rg1 Kd5 77. Rd1+ Kc6 78. Re1 Rf3 79. Re7 Rg3+ 80. Kf7 Rg1 81. Ke8 Rg8+ 82. Kf7 Rh8 83. Kg7 Rh1 84. f7 Rg1+ 85. Kf8 Ra1 86. Kg7 Rg1+ 87. Kf6 Rf1+ 88. Kg6 Rg1+ 89. Kh7 Rf1 90. Kg8 Rg1+ 91. Kf8 Ra1 92. Bb8 Rd8+ 93. Re8 Kd7 94. Bc7 Rc8 95. Kg7 Rg1+ 1/2-1/2

[Event "TBMM Kupasi Prel 2022"]
[Site "Ankara"]
[Date "2022.03.17"]
[Round "1"]
[White "Aydin, Gulenay"]
[Black "Yarar, Bora"]
[Result "1/2-1/2"]
[ECO "B10"]
[WhiteElo "2069"]
[BlackElo "2424"]
[Annotator "ChessBase"]
[PlyCount "102"]
[EventDate "2022.03.17"]
[EventType "tourn"]
[EventCountry "TUR"]
[SourceTitle "playchess.com"]
[Source "ChessBase"]
[SourceQuality "1"]
[TimeControl "3600+30"]

1. e4 c6 2. Nf3 d5 3. d3 Bg4 4. h3 Bh5 5. g4 dxe4 6. dxe4 Qxd1+ 7. Kxd1 Bg6 8. Bd3 Nd7 9. Be3 O-O-O 10. Nbd2 e6 11. Ke2 Bc5 12. a4 Ngf6 13. Bxc5 Nxc5 14. Ke3 a5 15. Ne5 Nfd7 16. Nxg6 hxg6 17. Nc4 Kc7 18. Nxa5 Rh4 19. b4 Nxd3 20. cxd3 Rdh8 21. Nc4 Rxh3+ 22. Rxh3 Rxh3+ 23. f3 f6 24. a5 e5 25. a6 bxa6 26. Rxa6 Kb7 27. Ra1 Rh2 28. Rc1 Ka6 29. Nd6 Kb6 30. Nc8+ Kb5 31. Na7+ Kxb4 32. Nxc6+ Kb3 33. Ne7 Nf8 34. d4 exd4+ 35. Kxd4 Ne6+ 36. Ke3 g5 37. Nd5 Rc2 38. Rb1+ Rb2 39. Rxb2+ Kxb2 40. f4 gxf4+ 41. Nxf4 Ng5 42. Nh5 Ne6 43. e5 fxe5 44. Ke4 g6 45. Ng3 Nf4 46. Kxe5 g5 47. Ne4 Nh3 48. Kd4 Kb3 49. Ke3 Kc4 50. Kf3 Kd4 51. Nxg5 Nxg5+ 1/2-1/2

[Event "TBMM Kupasi Prel 2022"]
[Site "Ankara"]
[Date "2022.03.18"]
[Round "3"]
[White "Ozen, Deniz"]
[Black "Caglar, Sila"]
[Result "1-0"]
[ECO "B13"]
[WhiteElo "2397"]
[BlackElo "2200"]
[Annotator "RC"]
[PlyCount "75"]
[EventDate "2022.03.17"]
[EventType "tourn"]
[EventCountry "TUR"]
[SourceTitle "playchess.com"]
[Source "ChessBase"]
[SourceQuality "1"]
[TimeControl "3600+30"]

1. d4 d5 2. Nf3 Nf6 3. Bf4 c5 4. e3 cxd4 5. exd4 Nc6 6. c3 Bf5 7. Nbd2 h6 8. Qb3 Qc8 9. Ne5 g5 10. Bg3 Bg7 11. Be2 O-O 12. O-O Nxe5 13. Bxe5 Ne4 14. Nxe4 dxe4 15. Bxg7 Kxg7 16. f3 b6 17. fxe4 Bxe4 18. Bf3 Bxf3 19. Rxf3 Qd7 20. Raf1 e6 21. Qd1 Qd5 22. Rf6 Qd8 23. Qf3 Qe7 24. h4 Rad8 25. Qh5 Qxf6 26. Rxf6 Kxf6 27. Qxh6+ Ke7 28. Qxg5+ f6 29. Qf4 Rg8 30. h5 Rg5 31. h6 e5 32. Qe4 Rh8 33. Qb7+ Ke6 34. d5+ Kf5 35. h7 Kg6 36. d6 Kh6 37. d7 Rg7 38. Qc8 1-0